 Dungeon Crawl Stone Soup version 0.23.2-33-g5129a83184 (webtiles) character file.

Game seed: 4282697722327346203

76 Revguard the Gusty (level 4, 0/32 HPs)
             Began as a Gnoll Wanderer on July 26, 2019.
             Succumbed to a gnoll's poison
             ... on level 2 of the Dungeon.
             The game lasted 00:06:14 (1202 turns).

Revguard the Gusty (Gnoll Wanderer)                 Turns: 1202, Time: 00:06:14

Health: 0/32       AC:  3    Str: 15    XL:     4   Next: 32%
Magic:  4/11       EV: 14    Int: 12    God:
Gold:   34         SH:  0    Dex: 17    Spells: 9/13 levels left

rFire    . . .     SeeInvis .   l - +0 long sword
rCold    . . .     Gourm    .   (no shield)
rNeg     . . .     Faith    .   m - +0 leather armour
rPois    .         Spirit   .   (no helmet)
rElec    .         Reflect  .   j - scarf {cloud immunity}
rCorr    .         Harm     .   (no gloves)
MR       .....                  (no boots)
Stlth    ++........             (no amulet)
HPRegen  0.10/turn              (no ring)
MPRegen  0.12/turn              (no ring)

@: lethally poisoned (0 -> -3), berserk cooldown, slowed, very slow
A: distributed training, fangs 1, strong nose
a: no special abilities


You were on level 2 of the Dungeon.
You were not hungry.

You visited 1 branch of the dungeon, and saw 2 of its levels.

You collected 34 gold pieces.

Inventory:

Hand Weapons
 a - a +0 blowgun
 b - a +0 dagger
 l - a +0 long sword (weapon)
Missiles
 c - 7 poisoned needles
Armour
 j - a scarf of cloud immunity (worn)
 m - a +0 leather armour (worn)
Scrolls
 g - 2 scrolls of remove curse
Potions
 i - a potion of flight
Comestibles
 f - 3 rations


   Skills:
 + Level 1.1 Fighting
 + Level 1.1 Short Blades
 + Level 1.1 Long Blades
 + Level 1.1 Axes
 + Level 1.1 Maces & Flails
 + Level 1.1 Polearms
 + Level 1.1 Staves
 + Level 1.1 Slings
 + Level 1.1 Bows
 + Level 1.1 Crossbows
 + Level 4.6 Throwing
 + Level 1.1 Armour
 + Level 4.6 Dodging
 + Level 2.5 Stealth
 + Level 1.1 Shields
 + Level 1.1 Unarmed Combat
 + Level 5.0 Spellcasting
 + Level 0.8 Conjurations
 + Level 0.8 Hexes
 + Level 0.8 Charms
 + Level 0.8 Summonings
 + Level 0.8 Necromancy
 + Level 0.8 Translocations
 + Level 0.8 Transmutations
 + Level 0.8 Fire Magic
 + Level 0.8 Ice Magic
 + Level 5.4 Air Magic
 + Level 0.8 Earth Magic
 + Level 0.8 Poison Magic
 + Level 1.2 Invocations
 + Level 1.1 Evocations


You had 9 spell levels left.
You knew the following spells:

 Your Spells              Type           Power        Failure   Level  Hunger
a - Shock                 Conj/Air       ##..         7%          1    None
b - Static Discharge      Conj/Air       ##......     21%         3    ###....

Your spell library contained the following spells:

 Spells                   Type           Power        Failure   Level  Hunger
 Swiftness                Chrm/Air       ##......     10%         2    ##.....
 Airstrike                Air            ###.......   26%         4    ####...
 Lightning Bolt           Conj/Air       ##........   88%         5    ######.


Dungeon Overview and Level Annotations

Branches:
Dungeon (2/15)

Altars:
Elyvilon


Innate Abilities, Weirdness & Mutations

Your experience applies equally to all skills.
You have very sharp teeth.
Your uncanny sense of smell can sniff out nearby items.


Message History

* * * LOW HITPOINT WARNING * * *
You feel sick.
As you read the scroll labeled FYBLAMOFRO, it crumbles to dust.
It is a scroll of amnesia.
Okay, then.
Your surroundings suddenly seem different.
Found 20 stones.
A worm comes into view.
As you read the scroll labeled JIPNOGH MOPY, it crumbles to dust.
You hear a loud clanging noise!
It was a scroll of noise.
* * * LOW HITPOINT WARNING * * *
You feel sick.
You hear a shout! x2; You hear an angry hiss.
You hear a shout! x3
You hear an angry hiss.
A hobgoblin comes into view. It is wielding a +0 club.
A hobgoblin comes into view. It is wielding a +0 club.
An adder comes into view.
A goblin comes into view.
You die...

#.. #. #. #.
#. #g #.
######
#####.##.g....
#.....@..#
#####.#..#
#g#..#
#......#
#(..w.S#
#.........
#####.####. #.
.# #. #


You could see an adder, 2 hobgoblins and a goblin (wandering).

Vanquished Creatures
  3 gnolls (D:2)
  An adder (D:2)
  2 worms (D:2)
  2 dart slugs
  2 goblins
  2 hobgoblins
  9 kobolds
  5 bats (D:1)
  4 frilled lizards
  2 rats (D:1)
32 creatures vanquished.

Vanquished Creatures (others)
  9 toadstools (D:2)
9 creatures vanquished.

Grand Total: 41 creatures vanquished

Notes
Turn   | Place    | Note
-------+----------+-------------------------------------------
     0 | D:1      | Revguard the Gnoll Wanderer began the quest for the Orb.
     0 | D:1      | Revguard set off with the following items: a +0 blowgun, 13
                  | poisoned needles, a +0 robe, a ration; and the following
                  | spell memorised: Shock; and the following spells available
                  | to memorise: Swiftness, Static Discharge, Airstrike,
                  | Lightning Bolt
     0 | D:1      | Reached XP level 1. HP: 13/13 MP: 6/6
   122 | D:1      | Reached XP level 2. HP: 18/19 MP: 7/7
   939 | D:2      | Reached skill level 5 in Spellcasting
   939 | D:2      | Reached XP level 3. HP: 20/25 MP: 0/9
   966 | D:2      | Learned a level 3 spell: Static Discharge
  1141 | D:2      | Found a white marble altar of Elyvilon.
  1179 | D:2      | Reached skill level 1 in Invocations
  1183 | D:2      | Reached skill level 1 in Fighting
  1183 | D:2      | Reached skill level 1 in Short Blades
  1183 | D:2      | Reached skill level 1 in Long Blades
  1183 | D:2      | Reached skill level 1 in Axes
  1183 | D:2      | Reached skill level 1 in Maces & Flails
  1183 | D:2      | Reached skill level 1 in Polearms
  1183 | D:2      | Reached skill level 1 in Staves
  1183 | D:2      | Reached skill level 1 in Slings
  1183 | D:2      | Reached skill level 1 in Bows
  1183 | D:2      | Reached skill level 1 in Crossbows
  1183 | D:2      | Reached skill level 1 in Armour
  1183 | D:2      | Reached skill level 1 in Shields
  1183 | D:2      | Reached skill level 1 in Unarmed Combat
  1183 | D:2      | Reached skill level 1 in Evocations
  1188 | D:2      | Reached XP level 4. HP: 9/32 MP: 2/11
  1200 | D:2      | HP: 1/32 [poisoned by a gnoll]
  1202 | D:2      | Succumbed to a gnoll's poison

Skill      XL: |  1  2  3 |
---------------+----------+-----
Spellcasting   | 5 |  5.0
Invocations    | 1 |  1.2
Fighting       | 1 |  1.1
Short Blades   | 1 |  1.1
Long Blades    | 1 |  1.1
Axes           | 1 |  1.1
Maces & Flails | 1 |  1.1
Polearms       | 1 |  1.1
Staves         | 1 |  1.1
Slings         | 1 |  1.1
Bows           | 1 |  1.1
Crossbows      | 1 |  1.1
Armour         | 1 |  1.1
Shields        | 1 |  1.1
Unarmed Combat | 1 |  1.1
Evocations     | 1 |  1.1
Throwing       | |  4.6
Dodging        | |  4.6
Stealth        | |  2.5
Conjurations   | |  0.8
Hexes          | |  0.8
Charms         | |  0.8
Summonings     | |  0.8
Necromancy     | |  0.8
Translocations | |  0.8
Transmutations | |  0.8
Fire Magic     | |  0.8
Ice Magic      | |  0.8
Air Magic      | |  5.4
Earth Magic    | |  0.8
Poison Magic   | |  0.8

Action                   |  1- 3 |  4- 6 || total
-------------------------+-------+-------++-------
Melee: Dagger            |    22 |       ||    22
       Bite              |     4 |       ||     4
       Long sword        |     8 |     2 ||    10
 Fire: Blowgun           |    57 |       ||    57
 Cast: Shock             |    14 |       ||    14
       Static Discharge  |     5 |       ||     5
  Use: Scroll            |     2 |     4 ||     6
       Potion            |     2 |       ||     2
  Eat: Chunk             |     1 |       ||     1
Armor: Leather armour    |     7 |       ||     7
       Robe              |     2 |       ||     2
Dodge: Dodged            |    51 |     1 ||    52
       Rpst.: Long sword |     1 |       ||     1
